PAA
SALEM MISFITS @ YAKIMA HOPS
07/19/2027
 
TOP OF THE 1ST
Salem Misfits batting - Pitching for Yakima Hops : LHP Emílio Mavarro
Pitching: LHP Emílio Mavarro
Batting: RHB Jorge Gómez 0-0: Foul Ball, location: 2F
0-1: Foul Ball, location: 2F
0-2: Fly out, F9 (Flyball, 9)
Batting: LHB Jorge García 0-0: Called Strike
0-1: Ball
1-1: Swinging Strike
1-2: SINGLE (Groundball, 6MD)
Batting: LHB Austin Hathaway 0-0: Ball
1-0: Fly out, F8 (Flyball, 8LD)
Batting: LHB Brent van Schoonhoven 0-0: Swinging Strike
0-1: Called Strike
0-2: Ball
Jorge García steals 2nd base
1-2: Foul Ball, location: 2F
1-2: Foul Ball, location: 2F
1-2: Strikes out swinging
Top of the 1st over - 0 run(s), 1 hit(s), 0 error(s), 1 left on base; Salem 0 - Yakima 0
BOTTOM OF THE 1ST
Yakima Hops batting - Pitching for Salem Misfits : LHP Rob Murphy
Pitching: LHP Rob Murphy
Batting: RHB Diego Rodríguez 0-0: Called Strike
0-1: Foul Ball, location: 2F
0-2: Ground out 6-3 (Groundball, 6S)
Batting: RHB Yehonatan Chazan 0-0: Called Strike
0-1: Ground out 5-3 (Groundball, 56)
Batting: LHB Lloyd Kent 0-0: Ball
1-0: Ball
2-0: SOLO HOME RUN (Flyball, 9LD), Distance : 354 ft
Batting: RHB Alfonso Nazario 0-0: Ball
1-0: Fly out, F7 (Flyball, 7S)
Bottom of the 1st over - 1 run(s), 1 hit(s), 0 error(s), 0 left on base; Salem 0 - Yakima 1
TOP OF THE 2ND
Salem Misfits batting - Pitching for Yakima Hops : LHP Emílio Mavarro
Batting: LHB Chris Thurman 0-0: Ball
1-0: Foul Ball, location: 2F
1-1: Called Strike
1-2: Ground out 4-3 (Groundball, 34)
Batting: LHB Estefan Carrasco 0-0: Called Strike
0-1: Swinging Strike
0-2: Fly out, F3 (Popup, 34)
Batting: RHB Ryan Fiore 0-0: Swinging Strike
0-1: Ball
1-1: Called Strike
1-2: Ball
2-2: Ground out 4-3 (Groundball, 4)
Top of the 2nd over - 0 run(s), 0 hit(s), 0 error(s), 0 left on base; Salem 0 - Yakima 1
BOTTOM OF THE 2ND
Yakima Hops batting - Pitching for Salem Misfits : LHP Rob Murphy
Batting: RHB Jud Regan 0-0: Ball
1-0: DOUBLE (Line Drive, 8RM)
Batting: RHB Juan García 0-0: Called Strike
0-1: Ground out 6-3 (Groundball, 6)
Jud Regan to third
Batting: SHB Domingo Luna 0-0: Ball
1-0: SINGLE (Groundball, 56D)
Jud Regan scores
Batting: RHB Javier Marino 0-0: Grounds into double play, 5-4-3 (Groundball, 56)
Bottom of the 2nd over - 1 run(s), 2 hit(s), 0 error(s), 0 left on base; Salem 0 - Yakima 2
TOP OF THE 3RD
Salem Misfits batting - Pitching for Yakima Hops : LHP Emílio Mavarro
Batting: RHB Jorge Ramos 0-0: Swinging Strike
0-1: Ball
1-1: Foul Ball, location: 2F
1-2: Foul Ball, location: 2F
1-2: Strikes out swinging
Batting: RHB Paul O'Neill 0-0: Ball
1-0: Fly out, F9 (Flyball, 9S)
Batting: RHB Jorge Gómez 0-0: Ball
1-0: Ground out 6-3 (Groundball, 6)
Top of the 3rd over - 0 run(s), 0 hit(s), 0 error(s), 0 left on base; Salem 0 - Yakima 2
BOTTOM OF THE 3RD
Yakima Hops batting - Pitching for Salem Misfits : LHP Rob Murphy
Batting: LHB Bob Maher 0-0: Called Strike
0-1: Ball
1-1: Called Strike
1-2: Ball
2-2: Ball
3-2: Base on Balls
Batting: RHB Diego Rodríguez 0-0: Ball
1-0: Ball
2-0: Foul Ball, location: 2F
2-1: Swinging Strike
2-2: Fielders Choice at 2nd, 6-4 (Groundball, 6D)
Batting: RHB Yehonatan Chazan 0-0: Ball
1-0: Ball
2-0: Fly out, F2 (Popup, 13S)
Batting: LHB Lloyd Kent 0-0: Ball
1-0: Ball
2-0: Called Strike
2-1: Called Strike
2-2: Ball
3-2: Strikes out swinging
Bottom of the 3rd over - 0 run(s), 0 hit(s), 0 error(s), 1 left on base; Salem 0 - Yakima 2
TOP OF THE 4TH
Salem Misfits batting - Pitching for Yakima Hops : LHP Emílio Mavarro
Batting: LHB Jorge García 0-0: Ball
1-0: Swinging Strike
1-1: DOUBLE (Flyball, 8LXD)
Batting: LHB Austin Hathaway 0-0: Ball
1-0: Ground out 4-3 (Groundball, 4)
Jorge García to third
Batting: LHB Brent van Schoonhoven 0-0: Ball
1-0: Ground out 4-3 (Groundball, 4)
Jorge García scores
Batting: LHB Chris Thurman 0-0: Foul Ball, location: 2F
0-1: Foul Ball, location: 2F
0-2: Ball
1-2: Fly out, F6 (Popup, 6D)
Top of the 4th over - 1 run(s), 1 hit(s), 0 error(s), 0 left on base; Salem 1 - Yakima 2
BOTTOM OF THE 4TH
Yakima Hops batting - Pitching for Salem Misfits : LHP Rob Murphy
Batting: RHB Alfonso Nazario 0-0: SINGLE (Line Drive, 78S)
Batting: RHB Jud Regan 0-0: Ball
1-0: Ball
2-0: Called Strike
2-1: SINGLE (Groundball, 6MD)
Alfonso Nazario to second
Runner from 2nd tries for 3rd, SAFE, no throw
Batting: RHB Juan García 0-0: Ball
1-0: Ball
2-0: SINGLE (Groundball, 4MD)
Alfonso Nazario scores
Jud Regan to second
Runner from 2nd tries for 3rd, SAFE, throw made to third
Batting: SHB Domingo Luna 0-0: Ball
1-0: Foul Ball, location: 2F
1-1: Ball
2-1: Ball
3-1: Called Strike
3-2: Foul Ball, location: 2F
3-2: Fly out, F8 (Flyball, 8LS)
Batting: RHB Javier Marino 0-0: Ball
1-0: Called Strike
1-1: Called Strike
1-2: Foul Ball, location: 2F
1-2: DOUBLE (Flyball, 78XD)
Jud Regan scores
Juan García to third
Batting: LHB Bob Maher 0-0: Fly out, F8 (Flyball, 8RM)
Runner from 3rd tags up, SCORES, no throw
Batting: RHB Diego Rodríguez 0-0: Fly out, F7 (Flyball, 7)
Bottom of the 4th over - 3 run(s), 4 hit(s), 0 error(s), 1 left on base; Salem 1 - Yakima 5
TOP OF THE 5TH
Salem Misfits batting - Pitching for Yakima Hops : LHP Emílio Mavarro
Batting: LHB Estefan Carrasco 0-0: Ball
1-0: Swinging Strike
1-1: Fly out, F3 (Line Drive, 34)
Batting: RHB Ryan Fiore 0-0: SINGLE (Groundball, 4MD)
Batting: RHB Jorge Ramos 0-0: Foul Ball, location: 2F
0-1: Ball
1-1: Ball
2-1: Fly out, F9 (Flyball, 9S)
Batting: RHB Paul O'Neill 0-0: Called Strike
0-1: Ball
1-1: Swinging Strike
1-2: Fly out, F6 (Line Drive, 6M)
Top of the 5th over - 0 run(s), 1 hit(s), 0 error(s), 1 left on base; Salem 1 - Yakima 5
BOTTOM OF THE 5TH
Yakima Hops batting - Pitching for Salem Misfits : LHP Rob Murphy
Batting: RHB Yehonatan Chazan 0-0: Fly out, F9 (Flyball, 9S)
Batting: LHB Lloyd Kent 0-0: Swinging Strike
0-1: Ball
1-1: Ground out 6-3 (Groundball, 6)
Batting: RHB Alfonso Nazario 0-0: Ball
1-0: Ball
2-0: Ball
3-0: Called Strike
3-1: Base on Balls
Batting: RHB Jud Regan 0-0: Ball
1-0: Fly out, F9 (Flyball, 9S)
Bottom of the 5th over - 0 run(s), 0 hit(s), 0 error(s), 1 left on base; Salem 1 - Yakima 5
TOP OF THE 6TH
Salem Misfits batting - Pitching for Yakima Hops : LHP Emílio Mavarro
Batting: RHB Jorge Gómez 0-0: Called Strike
0-1: Ball
1-1: Foul Ball, location: 2F
1-2: Ball
2-2: SINGLE (Line Drive, 34D)
Batting: LHB Jorge García 0-0: Ball
1-0: Ball
2-0: Fly out, F8 (Flyball, 8RM)
Batting: LHB Austin Hathaway 0-0: Ball
1-0: Ball
2-0: Foul Ball, location: 2F
2-1: Called Strike
2-2: SINGLE (Flyball, 7S)
Jorge Gómez to second
Batting: LHB Brent van Schoonhoven 0-0: Called Strike
0-1: Ball
1-1: Ball
2-1: SINGLE (Flyball, 9S)
Jorge Gómez to third
Austin Hathaway to second
Runner from 3rd tries for Home, SAFE, throw made home
Batting: LHB Chris Thurman 0-0: Ball
1-0: Ball
2-0: Ball
3-0: Base on Balls
Austin Hathaway to third
Brent van Schoonhoven to second
Batting: LHB Estefan Carrasco 0-0: Ball
1-0: Ball
2-0: Fly out, F7 (Flyball, 7S)
Batting: RHB Ryan Fiore 0-0: Foul Ball, location: 2F
0-1: Ball
1-1: Foul Ball, location: 2F
1-2: Foul Ball, location: 2F
1-2: Ball
2-2: Ball
3-2: Foul Ball, location: 2F
3-2: Strikes out swinging
Top of the 6th over - 1 run(s), 3 hit(s), 0 error(s), 3 left on base; Salem 2 - Yakima 5
BOTTOM OF THE 6TH
Yakima Hops batting - Pitching for Salem Misfits : LHP Rob Murphy
Batting: RHB Juan García 0-0: Ball
1-0: Called Strike
1-1: Called Strike
1-2: Ball
2-2: Foul Ball, location: 2F
2-2: Ball
3-2: Ground out 4-3 (Groundball, 4)
Batting: SHB Domingo Luna 0-0: Ball
1-0: Ball
2-0: Called Strike
2-1: Ball
3-1: Base on Balls
Batting: RHB Javier Marino 0-0: Ball
1-0: Ball
2-0: Ground out 5-3 (Groundball, 56S)
Domingo Luna to second
Batting: LHB Bob Maher 0-0: Swinging Strike
0-1: Ground out 4-3 (Groundball, 4)
Bottom of the 6th over - 0 run(s), 0 hit(s), 0 error(s), 1 left on base; Salem 2 - Yakima 5
TOP OF THE 7TH
Salem Misfits batting - Pitching for Yakima Hops : LHP Emílio Mavarro
Batting: RHB Jorge Ramos 0-0: Called Strike
0-1: Swinging Strike
0-2: Strikes out swinging
Batting: RHB Paul O'Neill 0-0: Ball
1-0: Fly out, F7 (Flyball, 78D)
Batting: RHB Jorge Gómez 0-0: Foul Ball, location: 2F
0-1: SINGLE (Flyball, 89M)
Pitching: RHP Mark Poirer
Batting: LHB Jorge García 0-0: Called Strike
0-1: Foul Ball, location: 2F
0-2: Foul Ball, location: 2F
0-2: Ground out 5-3 (Groundball, 56)
Top of the 7th over - 0 run(s), 1 hit(s), 0 error(s), 1 left on base; Salem 2 - Yakima 5
BOTTOM OF THE 7TH
Yakima Hops batting - Pitching for Salem Misfits : LHP Rob Murphy
Batting: RHB Diego Rodríguez 0-0: Called Strike
0-1: Ball
1-1: DOUBLE (Flyball, 8RD)
Batting: RHB Yehonatan Chazan 0-0: Intentional Walk
Batting: LHB Lloyd Kent 0-0: Ball
1-0: Fly out, F7 (Flyball, 7LMF)
Batting: RHB Alfonso Nazario 0-0: Called Strike
Diego Rodríguez steals 3rd base
Yehonatan Chazan to second
0-1: Called Strike
0-2: Ball
1-2: Foul Ball, location: 2F
1-2: Fly out, F1 (Line Drive, 13S)
Batting: RHB Jud Regan 0-0: Foul Ball, location: 2F
0-1: Foul Ball, location: 2F
0-2: Fly out, F8 (Flyball, 8LXD)
Bottom of the 7th over - 0 run(s), 1 hit(s), 0 error(s), 2 left on base; Salem 2 - Yakima 5
TOP OF THE 8TH
Salem Misfits batting - Pitching for Yakima Hops : RHP Mark Poirer
Batting: LHB Austin Hathaway 0-0: Ball
1-0: Called Strike
1-1: Called Strike
1-2: Ball
2-2: Strikes out swinging
Batting: LHB Brent van Schoonhoven 0-0: Called Strike
0-1: Foul Ball, location: 2F
0-2: Ball
1-2: Foul Ball, location: 2F
1-2: Ball
2-2: Foul Ball, location: 2F
2-2: Foul Ball, location: 2F
2-2: Ground out 3-1 (Groundball, 34S)
Batting: LHB Chris Thurman 0-0: Ball
1-0: Ball
2-0: Called Strike
2-1: Ball
3-1: Swinging Strike
3-2: Strikes out swinging
Top of the 8th over - 0 run(s), 0 hit(s), 0 error(s), 0 left on base; Salem 2 - Yakima 5
BOTTOM OF THE 8TH
Yakima Hops batting - Pitching for Salem Misfits : LHP Rob Murphy
Batting: RHB Juan García 0-0: Ball
1-0: Called Strike
1-1: Ground out 5-3 (Groundball, 56S)
Batting: SHB Domingo Luna 0-0: Fly out, F4 (Popup, 4)
Batting: RHB Javier Marino 0-0: Ball
1-0: Ball
2-0: Ball
3-0: Base on Balls
Batting: LHB Bob Maher 0-0: Ball
1-0: Called Strike
1-1: Ball
2-1: Ball
3-1: Foul Ball, location: 2F
3-2: Foul Ball, location: 2F
3-2: Foul Ball, location: 2F
3-2: Fly out, F7 (Flyball, 78M)
Bottom of the 8th over - 0 run(s), 0 hit(s), 0 error(s), 1 left on base; Salem 2 - Yakima 5
TOP OF THE 9TH
Salem Misfits batting - Pitching for Yakima Hops : RHP Mark Poirer
Pitching: RHP Reynaldo Maestas
Batting: LHB Estefan Carrasco 0-0: Ball
1-0: Swinging Strike
1-1: Ball
2-1: Swinging Strike
2-2: Strikes out swinging
Batting: RHB Ryan Fiore 0-0: Ball
1-0: Fly out, F8 (Flyball, 89M)
Batting: RHB Jorge Ramos 0-0: Swinging Strike
0-1: Ball
1-1: Ball
2-1: Called Strike
2-2: Strikes out swinging
Top of the 9th over - 0 run(s), 0 hit(s), 0 error(s), 0 left on base; Salem 2 - Yakima 5
Saturday, May 26th, 2018 - OOTP Baseball 17.12 Build 75